 Dungeon Crawl Stone Soup version 0.28-b1-25-g9875b3fc8c (webtiles) character file.

Game seed: 5962964152259076767

182 inmateoo the Ruffian (level 5, -2/44 HPs)
             Began as a Palentonga Monk on Feb 7, 2022.
             Splashed by a jelly's acid (10 damage)
             ... on level 4 of the Dungeon.
             The game lasted 00:03:05 (3589 turns).

inmateoo the Ruffian (Palentonga Monk)              Turns: 3589, Time: 00:03:05

Health: -2/44      AC: -4    Str: 14    XL:     5   Next: 35%
Magic:  14/14      EV: 10    Int: 12    God:
Gold:   82         SH:  0    Dex: 13    Spells: 4/4 levels left

rFire   . . .      SeeInvis +     - Unarmed
rCold   . . .      Faith    .   (no shield)
rNeg    . . .      Spirit   .   a - +0 robe
rPois   .          Reflect  .   (no helmet)
rElec   .          Harm     .   (no cloak)
rCorr   .          Rampage  .   (no gloves)
Will    .....                   (no barding)
Stlth   ++........              (no amulet)
HPRegen 0.14/turn               m - ring of magical power
MPRegen 0.14/turn               (no ring)

@: corroded
A: large, rugged brown scales 3, see invisible, deformed body, roll 1, armoured
tail
a: Rolling Charge


You were on level 4 of the Dungeon.
You visited 1 branch of the dungeon, and saw 4 of its levels.

You collected 202 gold pieces.
You spent 120 gold pieces at shops.

Inventory:

Armour
 a - a +0 robe (worn)
Jewellery
 m - a ring of magical power (left hand)
Wands
 q - a wand of charming (7)
Scrolls
 b - a scroll of summoning {unknown}
 c - 2 scrolls of teleportation
 f - 2 scrolls of blinking {unknown}
 k - a scroll of holy word {unknown}
 l - a scroll of identify {unknown}
 n - 2 scrolls of fear
 o - a scroll of amnesia
Potions
 d - 2 potions of brilliance {unknown}
 e - a potion of might {unknown}
 g - 2 potions of curing {unknown}
 h - 3 potions of cancellation {unknown}
 i - a potion of berserk rage {unknown}
 j - 2 potions of invisibility {unknown}
 p - a potion of degeneration {unknown}
 r - a potion of haste {unknown}


   Skills:
 + Level 4.1 Fighting
 + Level 3.3 Dodging
 - Level 2.0 Stealth
 + Level 4.1 Unarmed Combat


You had 4 spell levels left.
You didn't know any spells.
Your spell library was empty.

Dungeon Overview and Level Annotations

Branches:
Dungeon (3/15)

Altars:
Kikubaaqudgha

Shops:
D:2 ?


Innate Abilities, Weirdness & Mutations

You are completely covered in rugged brown scales. (AC +3, +7% HP)
You have supernaturally acute eyesight. (SInv)
Armour fits poorly on your strangely shaped body.
You can roll at nearby foes to attack.
You have a long armoured tail.


Message History

Okay, then.
As you read the scroll of teleportation, it crumbles to dust.
You feel strangely unstable. The killer bee zombie hits you.
* * * LOW HITPOINT WARNING * * *
The killer bee zombie closely misses you.
The killer bee zombie hits you but does no damage.
Found an escape hatch in the floor.
Your surroundings suddenly seem different.
You start resting.
HP restored.
You start waiting.
Done waiting.
A jelly comes into view.
A jelly is nearby!
A jelly is nearby!
The jelly quivers.
There's nothing you can charge at!
You hit the jelly. The acid corrodes you!
Your hands burn!
The jelly is moderately wounded.
The jelly hits you.
You are splashed with acid!
You hit the jelly but do no damage.
Your hands burn!
The jelly is moderately wounded.
The jelly barely misses you.
You hit the jelly but do no damage.
Your hands burn!
The jelly is moderately wounded.
The jelly hits you.
You are splashed with acid!
You are too injured to fight recklessly!
You hit the jelly but do no damage.
Your hands burn!
* * * LOW HITPOINT WARNING * * *
The jelly is moderately wounded.
The jelly jiggles.
The jelly closely misses you.
You are too injured to fight recklessly!
You hit the jelly.
Your hands burn!
* * * LOW HITPOINT WARNING * * *
The jelly is moderately wounded.
The jelly hits you.
* * * LOW HITPOINT WARNING * * *
The acid corrodes you!
You are splashed with acid!
You die...

###. .#
... #.#
#.. #.#
#..##.##
###......
#.....#.#
##.....#.#
......J@.#
##.....#.#
#.......#
###..####
#.. #.. #.
#.


You could see a jelly.

Vanquished Creatures
  A water moccasin skeleton (D:4)
  A hound (D:4)
  2 adders
  A worm (D:2)
  2 dart slugs
  3 orcs (D:3)
  12 endoplasms
  3 giant cockroaches
  4 goblins
  4 hobgoblins
  7 jackals (D:1)
  2 quokkas
  6 ball pythons
  7 bats
  3 frilled lizards
  8 kobolds
  2 rats (D:2)
68 creatures vanquished.

Notes
Turn   | Place    | Note
-------+----------+-------------------------------------------
     0 | D:1      | inmateoo the Palentonga Monk began the quest for the Orb.
     0 | D:1      | Reached XP level 1. HP: 19/19 MP: 1/1
   229 | D:1      | Reached XP level 2. HP: 25/25 MP: 2/2
   789 | D:1      | Reached XP level 3. HP: 31/31 MP: 3/3
  1565 | D:2      | Found a faded altar of an unknown god.
  1806 | D:2      | Reached XP level 4. HP: 27/37 MP: 4/4
  1975 | D:2      | Found Zyreof Vyppi's Magic Scroll Shop.
  1984 | D:2      | Bought a scroll of teleportation for 36 gold pieces
  1984 | D:2      | Bought a scroll of fear for 42 gold pieces
  1984 | D:2      | Bought a scroll of amnesia for 42 gold pieces
  2534 | D:3      | Found an ancient bone altar of Kikubaaqudgha.
  2875 | D:3      | You fall into a shaft and drop 1 floor!
  3170 | D:4      | Reached XP level 5. HP: 9/44 MP: 5/5
  3589 | D:4      | Splashed by a jelly's acid

Illustrated notes

Levels and vault maps discovered:
D:1:      saegor_arrival_fortress, layout_basic
D:2:      kennysheep_big_flooded_room, layout_basic,
          shapermc_ecumenical_altar_flowoftime, serial_shops, shop
D:3:      layout_loops_corners, lemuel_round_altar
D:4:      layout_loops_ring, ashenzari_conservatory_becter,
          minmay_temple_entry_glassed_door, minmay_unequal

Skill      XL: |  1  2  3  4 |
---------------+-------------+-----
Dodging        | 3 |  3.3
Stealth        | 2 |  2.0
Fighting       | 4 |  4.1
Unarmed Combat | 4 |  4.1

Action                   |  1- 3 |  4- 6 || total
-------------------------+-------+-------++-------
Melee: Unarmed           |   146 |    90 ||   236
       Tailslap          |    13 |    14 ||    27
       Punch             |     3 |     1 ||     4
 Abil: Rolling Charge    |    12 |    10 ||    22
  Use: Scroll            |       |     2 ||     2
 Stab: Sleeping          |       |     3 ||     3
Armor: Robe              |    69 |    24 ||    93
Dodge: Dodged            |    74 |    47 ||   121
